 Dungeon Crawl Stone Soup version 0.29-a0-356-g7bc237e783 (webtiles) character file.

Game seed: 10615874703700275248

130 freelancePsychic the Vexing (level 4, -8/32 HPs)
             Began as a Demonspawn Enchanter on Apr 26, 2022.
             Mangled by an iguana (10 damage)
             ... on level 4 of the Dungeon.
             The game lasted 00:03:43 (2439 turns).

freelancePsychic the Vexing (Demonspawn Enchanter)  Turns: 2439, Time: 00:03:44

Health: -8/32      AC:  3    Str:  8    XL:     4   Next: 89%
Magic:  3/7        EV: 12    Int: 19    God:
Gold:   81         SH:  0    Dex: 13    Spells: 5/7 levels left

rFire   . . .      SeeInvis .   a - +2 dagger
rCold   . . .      Faith    .   (no shield)
rNeg    . . .      Spirit   .   b - +0 robe
rPois   .          Reflect  .   (no helmet)
rElec   .          Harm     .   k - +0 cloak
rCorr   .          Rampage  .   (no gloves)
Will    .....                   (no boots)
Stlth   ++........              (no amulet)
HPRegen 0.10/turn               (no ring)
MPRegen 0.10/turn               (no ring)

@: invisible
A: weakness stinger 1, demonic touch 1
a: no special abilities


You were on level 4 of the Dungeon.
You visited 1 branch of the dungeon, and saw 4 of its levels.

You collected 106 gold pieces.
You spent 25 gold pieces at shops.

Inventory:

Hand Weapons
 a - a +2 dagger (weapon)
Armour
 b - a +0 robe (worn)
 k - a +0 cloak (worn)
Scrolls
 h - a scroll of magic mapping {unknown}
 i - 2 scrolls of blinking {unknown}
 j - a scroll of fear {unknown}
 l - a scroll of summoning {unknown}
Potions
 d - 2 potions of degeneration {unknown}
 e - a potion of flight {unknown}
 f - a potion of might {unknown}
 g - a potion of attraction {unknown}
 m - a potion of cancellation {unknown}


   Skills:
 + Level 1.2 Fighting
 * Level 2.4 Short Blades
 - Level 1.7 Dodging
 + Level 3.1 Stealth
 - Level 2.0 Spellcasting
 * Level 3.7 Hexes
 * Level 1.8 Ice Magic


You had 5 spell levels left.
You knew the following spells:

 Your Spells              Type           Power      Damage    Failure   Level
a - Ensorcelled Hibernat  Hex/Ice        24%        N/A       9%          2

Your spell library contained the following spells:

 Spells                   Type           Power      Damage    Failure   Level
 Confusing Touch          Hex            16%        N/A       11%         3
 Tukima's Dance           Hex            16%        N/A       11%         3
 Dazzling Flash           Conj/Hex       16%        N/A       24%         3
 Gell's Gravitas          Tloc           1%         N/A       45%         3
 Teleport Other           Tloc           1%         N/A       45%         3
 Dispersal                Tloc           0%         N/A       100%        6


Dungeon Overview and Level Annotations

Branches:
Dungeon (3/15)

Altars:
Sif Muna

Shops:
D:1 *


Innate Abilities, Weirdness & Mutations

You have a small tail.
Your touch may inflict minor irresistible damage on your foes.


Message History

d - 2 grey potions (gained 1)
Found a ring mail.
A giant cockroach comes into view.
A giant cockroach is nearby!
A sourceless malevolence fills the Dungeon...
You fall into a shaft and drop 1 floor!
The shaft crumbles and collapses.
Found 6 gold pieces.
An orc and a giant cockroach come into view.
There are monsters nearby!
The helpless orc fails to defend itself.
You puncture the orc!
You kill the orc!
Found 3 gold pieces.
Found a stone staircase leading down.
There is a stone staircase leading down here.
An iguana comes into view.
The iguana hisses angrily.
You hit the iguana.
Your tail-slap misses the iguana.
You touch the iguana.
The iguana is moderately wounded.
The iguana bites you!
Casting: Ensorcelled Hibernation (safe; 9% risk of failure)
Confirm with . or Enter, or press ? or * to list all spells.
Aiming: Ensorcelled Hibernation (safe; 9% risk of failure)
Press: ? - help, Shift-Dir - straight line, f - iguana
Aim: an iguana (moderately wounded, chance to affect: 54%)
The iguana resists with significant effort.
The iguana bites you!
Casting: Ensorcelled Hibernation (safe; 9% risk of failure)
Confirm with . or Enter, or press ? or * to list all spells.
Aiming: Ensorcelled Hibernation (safe; 9% risk of failure)
Press: ? - help, Shift-Dir - straight line, f/p - iguana
Aim: an iguana (moderately wounded, chance to affect: 54%)
The iguana resists with significant effort.
The iguana bites you!
* * * LOW HITPOINT WARNING * * *
Okay, then.
You fade into invisibility!
The iguana bites you!
You die...

#.. ## .#. . ...
#.# #.. #. ...
... #.. #.###$#
..# #.. .....
...#
..######)#####$.B
....#l....#...
#.##..#@.##.#.#
#.##..#...#...##
#.#............#
#.#>.#....####.#
#.#..#.#.## .#
#.#..#.#.# #
#.#..#.#.#
#.#..#.#.##
#..........


You could see an iguana (can't see you).

Vanquished Creatures
  A scorpion (D:2)
  2 adders (D:2)
  A dart slug (D:1)
  An orc (D:4)
  2 ball pythons (D:1)
  5 endoplasms
  2 giant cockroaches (D:1)
  4 goblins (D:1)
  6 hobgoblins
  2 jackals (D:1)
  4 quokkas
  5 bats
  A frilled lizard (D:1)
  5 kobolds
  4 rats
45 creatures vanquished.

Notes
Turn   | Place    | Note
-------+----------+-------------------------------------------
     0 | D:1      | freelancePsychic the Demonspawn Enchanter began the quest
                  | for the Orb.
     0 | D:1      | Reached XP level 1. HP: 13/13 MP: 3/3
    24 | D:1      | Reached skill level 1 in Short Blades
   146 | D:1      | Discovered your monstrous ancestry.
   146 | D:1      | Gained mutation: Your touch may inflict minor irresistible
                  | damage on your foes. [demonic ancestry]
   146 | D:1      | Reached XP level 2. HP: 8/19 MP: 5/5
   530 | D:1      | Reached skill level 1 in Ice Magic
   536 | D:1      | Found Giezimoi's Assorted Antiques.
   541 | D:1      | Bought a scroll labelled DEUTZA DEWKU for 25 gold pieces
   614 | D:1      | Learned a level 2 spell: Ensorcelled Hibernation
   689 | D:1      | Found a faded altar of an unknown god.
   820 | D:1      | Gained mutation: You have a small tail. [demonic ancestry]
   820 | D:1      | Reached XP level 3. HP: 25/25 MP: 6/6
  1830 | D:2      | Found a shimmering blue altar of Sif Muna.
  2001 | D:2      | Noticed a scorpion
  2008 | D:2      | Killed a scorpion
  2009 | D:2      | Reached skill level 1 in Fighting
  2009 | D:2      | Reached XP level 4. HP: 26/32 MP: 4/7
  2407 | D:3      | You fall into a shaft and drop 1 floor!
  2439 | D:4      | Mangled by an iguana

Illustrated notes

Levels and vault maps discovered:
D:1:      eino_arrival_cavern_b, layout_loops_ring,
          hellmonk_ecumenical_altar_crossroads, serial_shops, shop
D:2:      layout_basic, basic_altar
D:3:      layout_basic, ebering_ghost_gozag, uniq_ijyb
D:4:      minmay_general_purpose_star, layout_loops_ring

Skill      XL: |  1  2  3 |
---------------+----------+-----
Short Blades   | 1 2 |  2.4
Ice Magic      | 1 |  1.8
Fighting       | 1 |  1.2
Stealth        | 3 |  3.1
Dodging        | |  1.7
Spellcasting   | |  2.0
Hexes          | |  3.7

Action                   |  1- 3 |  4- 6 || total
-------------------------+-------+-------++-------
Melee: Dagger            |   100 |    10 ||   110
       Touch             |    11 |     1 ||    12
       Tailslap          |     6 |       ||     6
 Cast: Ensorcelled Hiber |     9 |     2 ||    11
  Use: Potion            |     1 |     1 ||     2
       Scroll            |     3 |       ||     3
 Stab: Invisible         |     1 |       ||     1
       Sleeping          |    15 |     2 ||    17
Armor: Robe              |    20 |     1 ||    21
Dodge: Dodged            |    59 |     5 ||    64

Table legend: (Time is in decaauts)
 A = Elapsed time spent in this place.
 B = Non-inter-level travel time spent in this place.
 C = Inter-level travel time spent in this place.
 D = Time resting spent in this place.
 E = Time spent auto-exploring this place.
 F = Levels seen in this place.
 G = Mean time per level.
                   A        B        C        D        E       F      G
               +--------+--------+--------+--------+--------+-----+--------+
         Total |   2431 |   2378 |     53 |      0 |   2014 |   4 |  607.8 |
       Dungeon |   2431 |   2378 |     53 |      0 |   2014 |   4 |  607.8 |
               +--------+--------+--------+--------+--------+-----+--------+

Top non-repeatable levels by time:
     D:1: 1284 daAuts
     D:2: 1094 daAuts
     D:4: 31 daAuts
     D:3: 21 daAuts
